TOP OF THE 1ST |
Americus Braves batting - Pitching for Amarillo ThunderHeads : RHP Antonio Ayala
|
Pitching: RHP Antonio Ayala
|
|
Batting: RHB Carlos Livas
|
0-0: Called Strike 0-1: Swinging Strike 0-2: Ball 1-2: Foul Ball, location: 2F 1-2: Ball 2-2: DOUBLE (Flyball, 78D, EV 95.6 MPH)
|
Batting: LHB Ivan Castillo
|
0-0: Ball 1-0: Called Strike 1-1: Ball 2-1: Ball Carlos Livas is caught stealing 3rd base 2-5 3-1: Foul Ball, location: 2F 3-2: Foul Ball, location: 2F 3-2: Strikes out swinging
|
Batting: LHB Ricardo Sandoval
|
0-0: Foul Ball, location: 2F 0-1: Ball 1-1: Ball 2-1: Ball 3-1: Foul Ball, location: 2F 3-2: Base on Balls
|
Batting: SHB Karl Starnes
|
0-0: Called Strike Ricardo Sandoval steals 2nd base 0-1: Ball 1-1: Ball 2-1: Ground out 4-3 (Groundball, 4, EV 86.9 MPH)
|
Top of the 1st over - 0 runs, 1 hit, 0 errors, 1 left on base; Americus 0 - Amarillo 0 |
BOTTOM OF THE 1ST |
Amarillo ThunderHeads batting - Pitching for Americus Braves : LHP Alejandro Rivera
|
Pitching: LHP Alejandro Rivera
|
|
Batting: RHB Sam Voss
|
0-0: Called Strike 0-1: Swinging Strike 0-2: Ball 1-2: Strikes out swinging
|
Batting: SHB Tyler Romo
|
0-0: Ball 1-0: Called Strike 1-1: Ball 2-1: Ball 3-1: Called Strike 3-2: Fly out, F6 (Line Drive, 6, EV 74.4 MPH)
|
Batting: RHB Eric Juarez
|
0-0: Swinging Strike 0-1: Foul Ball, location: 2F 0-2: Ball 1-2: Ball 2-2: Strikes out looking
|
Bottom of the 1st over - 0 runs, 0 hits, 0 errors, 0 left on base; Americus 0 - Amarillo 0 |
TOP OF THE 2ND |
Americus Braves batting - Pitching for Amarillo ThunderHeads : RHP Antonio Ayala
|
Batting: RHB Wilson Salgado
|
0-0: Ball 1-0: Ball 2-0: Called Strike 2-1: Ball 3-1: Ground out 6-3 (Groundball, 6, EV 88.1 MPH)
|
Batting: RHB Roberto Rios
|
0-0: Ball 1-0: Fly out, F9 (Flyball, 9S, EV 88.8 MPH)
|
Batting: RHB Danny Dimas
|
0-0: Foul Ball, location: 2F 0-1: Ball 1-1: Swinging Strike 1-2: Ball 2-2: Strikes out looking
|
Top of the 2nd over - 0 runs, 0 hits, 0 errors, 0 left on base; Americus 0 - Amarillo 0 |
BOTTOM OF THE 2ND |
Amarillo ThunderHeads batting - Pitching for Americus Braves : LHP Alejandro Rivera
|
Batting: RHB Eric Camillo
|
0-0: Called Strike 0-1: Swinging Strike 0-2: Foul Ball, location: 2F 0-2: Foul Ball, location: 2F 0-2: Foul Ball, location: 2F 0-2: Strikes out swinging
|
Batting: RHB Josh Shoemaker
|
0-0: Ball 1-0: Called Strike 1-1: Ball 2-1: Foul Ball, location: 2F 2-2: Foul Ball, location: 2F 2-2: Fly out, F8 (Flyball, 8LD, EV 98.1 MPH)
|
Batting: RHB Shi-fu Cuan
|
0-0: Ball 1-0: SOLO HOME RUN (Flyball, 78XD, EV 101.2 MPH), Distance : 393 ft
|
Batting: LHB Tony Cisneros
|
0-0: Ball 1-0: Foul Ball, location: 2F 1-1: Ball 2-1: Foul Ball, location: 2F 2-2: Strikes out looking
|
Bottom of the 2nd over - 1 run, 1 hit, 0 errors, 0 left on base; Americus 0 - Amarillo 1 |
TOP OF THE 3RD |
Americus Braves batting - Pitching for Amarillo ThunderHeads : RHP Antonio Ayala
|
Batting: RHB Mennad Maalik
|
0-0: Ground out U3 (Groundball, 34, EV 82.5 MPH)
|
Batting: RHB Aaron Sartini
|
0-0: Swinging Strike 0-1: Ground out U3 (Groundball, 34S, EV 86.2 MPH)
|
Batting: RHB Carlos Livas
|
0-0: Ball 1-0: Swinging Strike 1-1: Ball 2-1: Called Strike 2-2: Strikes out swinging
|
Top of the 3rd over - 0 runs, 0 hits, 0 errors, 0 left on base; Americus 0 - Amarillo 1 |
BOTTOM OF THE 3RD |
Amarillo ThunderHeads batting - Pitching for Americus Braves : LHP Alejandro Rivera
|
Batting: RHB Adrian Quilantan
|
0-0: Ball 1-0: Ground out 4-3 (Groundball, 4, EV 93.1 MPH)
|
Batting: RHB Zhong See-to
|
0-0: Ground out 6-3 (Groundball, 6, EV 102.5 MPH)
|
Batting: RHB Sam Voss
|
0-0: Called Strike 0-1: Swinging Strike 0-2: Ball 1-2: Ball 2-2: Ground out 4-3 (Groundball, 4, EV 76.9 MPH)
|
Bottom of the 3rd over - 0 runs, 0 hits, 0 errors, 0 left on base; Americus 0 - Amarillo 1 |
TOP OF THE 4TH |
Americus Braves batting - Pitching for Amarillo ThunderHeads : RHP Antonio Ayala
|
Batting: LHB Ivan Castillo
|
0-0: Ball 1-0: Ball 2-0: Bunt missed! 2-1: SINGLE (Groundball, 6M, EV 80.0 MPH) (infield hit)
|
Batting: LHB Ricardo Sandoval
|
0-0: Called Strike 0-1: Foul Ball, location: 2F 0-2: Ball 1-2: Ball 2-2: Ball 3-2: Foul Ball, location: 2F 3-2: Fielders Choice at 2nd, 4-6 (Groundball, 4, EV 100.0 MPH)
|
Batting: SHB Karl Starnes
|
0-0: Called Strike 0-1: Ground out 4-3 (Groundball, 34S, EV 85.0 MPH) Ricardo Sandoval to second
|
Batting: RHB Wilson Salgado
|
0-0: Fly out, F9 (Flyball, 9D, EV 96.2 MPH)
|
Top of the 4th over - 0 runs, 1 hit, 0 errors, 1 left on base; Americus 0 - Amarillo 1 |
BOTTOM OF THE 4TH |
Amarillo ThunderHeads batting - Pitching for Americus Braves : LHP Alejandro Rivera
|
Batting: SHB Tyler Romo
|
0-0: Ball 1-0: Foul Ball, location: 2F 1-1: Ball 2-1: Foul Ball, location: 2F 2-2: Fly out, F8 (Flyball, 78M, EV 92.5 MPH)
|
Batting: RHB Eric Juarez
|
0-0: Ball 1-0: SINGLE (Line Drive, 56D, EV 96.2 MPH)
|
Batting: RHB Eric Camillo
|
0-0: Foul Ball, location: 2F 0-1: Ball 1-1: Ball 2-1: Foul Ball, location: 2F 2-2: Foul Ball, location: 2F 2-2: 2-RUN HOME RUN (Flyball, 78XD, EV 104.4 MPH), Distance : 408 ft
|
Batting: RHB Josh Shoemaker
|
0-0: Foul Ball, location: 2F 0-1: Called Strike 0-2: Ground out 5-3 (Groundball, 5, EV 97.5 MPH)
|
Batting: RHB Shi-fu Cuan
|
0-0: Ball 1-0: Ground out 5-3 (Groundball, 56, EV 103.1 MPH)
|
Bottom of the 4th over - 2 runs, 2 hits, 0 errors, 0 left on base; Americus 0 - Amarillo 3 |
TOP OF THE 5TH |
Americus Braves batting - Pitching for Amarillo ThunderHeads : RHP Antonio Ayala
|
Batting: RHB Roberto Rios
|
0-0: SINGLE (Line Drive, 34D, EV 100.0 MPH)
|
Batting: RHB Danny Dimas
|
0-0: Called Strike 0-1: Called Strike Roberto Rios is caught stealing 2nd base 2-4 0-2: Ball 1-2: Foul Ball, location: 2F 1-2: Ground out 6-3 (Groundball, 6, EV 86.9 MPH)
|
Batting: RHB Mennad Maalik
|
0-0: Swinging Strike 0-1: Ball 1-1: Ball 2-1: Ball 3-1: Swinging Strike 3-2: Ground out 1-3 (Groundball, 15S, EV 71.2 MPH)
|
Top of the 5th over - 0 runs, 1 hit, 0 errors, 0 left on base; Americus 0 - Amarillo 3 |
BOTTOM OF THE 5TH |
Amarillo ThunderHeads batting - Pitching for Americus Braves : LHP Alejandro Rivera
|
Batting: LHB Tony Cisneros
|
0-0: Ground out 4-3 (Groundball, 4, EV 98.8 MPH)
|
Batting: RHB Adrian Quilantan
|
0-0: SINGLE (Groundball, 5D, EV 96.2 MPH)
|
Batting: RHB Zhong See-to
|
0-0: Fielders Choice at 2nd, 4-6 (Groundball, 34, EV 83.1 MPH)
|
Batting: RHB Sam Voss
|
0-0: Called Strike 0-1: Fielders Choice at 2nd, 5-4 (Groundball, 56, EV 104.4 MPH)
|
Bottom of the 5th over - 0 runs, 1 hit, 0 errors, 1 left on base; Americus 0 - Amarillo 3 |
TOP OF THE 6TH |
Americus Braves batting - Pitching for Amarillo ThunderHeads : RHP Antonio Ayala
|
Batting: RHB Aaron Sartini
|
0-0: Ball 1-0: Ball 2-0: Foul Ball, location: 2F 2-1: Foul Ball, location: 2F 2-2: Strikes out swinging
|
Batting: RHB Carlos Livas
|
0-0: Swinging Strike 0-1: SINGLE (Groundball, 56D, EV 103.8 MPH)
|
Pitching: RHP Erik Myers
|
|
Batting: LHB Ivan Castillo
|
0-0: Ball Carlos Livas steals 2nd base 1-0: Ball 2-0: Foul Ball, location: 2F 2-1: Ball 3-1: Swinging Strike 3-2: Strikes out looking
|
Batting: LHB Ricardo Sandoval
|
0-0: Foul Ball, location: 2F 0-1: Ball 1-1: Ground out U3 (Groundball, 34, EV 85.0 MPH)
|
Top of the 6th over - 0 runs, 1 hit, 0 errors, 1 left on base; Americus 0 - Amarillo 3 |
BOTTOM OF THE 6TH |
Amarillo ThunderHeads batting - Pitching for Americus Braves : LHP Alejandro Rivera
|
Batting: SHB Tyler Romo
|
0-0: Ball 1-0: Ball 2-0: Ball 3-0: Called Strike 3-1: Called Strike 3-2: Foul Ball, location: 2F 3-2: Base on Balls
|
Batting: RHB Eric Juarez
|
0-0: Ball 1-0: Ball 2-0: Ball 3-0: Base on Balls Tyler Romo to second
|
Batting: RHB Eric Camillo
|
0-0: Ball 1-0: Ball 2-0: Called Strike 2-1: Ball 3-1: Foul Ball, location: 2F 3-2: Strikes out looking
|
Batting: RHB Josh Shoemaker
|
0-0: Ball 1-0: Called Strike 1-1: Swinging Strike 1-2: Ball 2-2: Strikes out swinging
|
Batting: RHB Shi-fu Cuan
|
0-0: Ball 1-0: Ball 2-0: Called Strike 2-1: Foul Ball, location: 2F 2-2: Hit by Pitch Tyler Romo to third Eric Juarez to second
|
Pitching: RHP Andrew Stanek
|
|
Batting: LHB Tony Cisneros
|
0-0: Called Strike 0-1: Swinging Strike 0-2: Strikes out swinging
|
Bottom of the 6th over - 0 runs, 0 hits, 0 errors, 3 left on base; Americus 0 - Amarillo 3 |
TOP OF THE 7TH |
Americus Braves batting - Pitching for Amarillo ThunderHeads : RHP Erik Myers
|
Now at 3B: Bill Flannery
|
|
Now at SS: Mario Gomez
|
|
Batting: SHB Karl Starnes
|
0-0: Called Strike 0-1: Ball 1-1: Foul Ball, location: 2F 1-2: Foul Ball, location: 2F 1-2: Foul Ball, location: 2F 1-2: DOUBLE (Flyball, 8LXD, EV 99.4 MPH)
|
Batting: RHB Wilson Salgado
|
0-0: Ball 1-0: Foul Ball, location: 2F 1-1: Swinging Strike 1-2: Strikes out swinging
|
Batting: RHB Roberto Rios
|
0-0: Ball 1-0: Called Strike 1-1: Ground out 3-1 (Groundball, 34, EV 77.5 MPH) Karl Starnes to third
|
Batting: RHB Danny Dimas
|
0-0: Called Strike 0-1: Ball 1-1: Ball 2-1: Ball 3-1: Called Strike 3-2: SINGLE (Groundball, 4S, EV 70.6 MPH) (infield hit) Karl Starnes scores
|
Pinch Hitting: LHB Roger Shearing
|
0-0: Ball 1-0: Ball 2-0: Fly out, F9 (Flyball, 89S, EV 81.2 MPH)
|
Top of the 7th over - 1 run, 2 hits, 0 errors, 1 left on base; Americus 1 - Amarillo 3 |
BOTTOM OF THE 7TH |
Amarillo ThunderHeads batting - Pitching for Americus Braves : RHP Andrew Stanek
|
Now in LF: Roger Shearing
|
|
Batting: RHB Adrian Quilantan
|
0-0: Called Strike 0-1: Ball 1-1: DOUBLE (Line Drive, 9LM, EV 88.1 MPH)
|
Batting: RHB Zhong See-to
|
0-0: Fly out, F9 (Flyball, 9S, EV 85.0 MPH)
|
Batting: RHB Sam Voss
|
0-0: Intentional Walk
|
Batting: SHB Tyler Romo
|
0-0: Called Strike 0-1: Ball 1-1: Called Strike 1-2: Ball 2-2: Foul Ball, location: 2F 2-2: Strikes out swinging
|
Batting: RHB Eric Juarez
|
0-0: Ball 1-0: Swinging Strike 1-1: Foul Ball, location: 2F 1-2: Foul Ball, location: 2F 1-2: Foul Ball, location: 2F 1-2: DOUBLE (Flyball, 8RXD, EV 105.6 MPH) Adrian Quilantan scores Sam Voss to third Runner from 3rd tries for Home, SAFE, throw by CF to trailing runner, SAFE at third!
|
Batting: RHB Eric Camillo
|
0-0: Called Strike 0-1: Ball 1-1: Ball 2-1: Ball 3-1: Called Strike 3-2: Foul Ball, location: 2F 3-2: 2-RUN HOME RUN (Flyball, 78XD, EV 101.9 MPH), Distance : 387 ft
|
Pitching: LHP Mohala Kileona
|
|
Batting: RHB Bill Flannery
|
0-0: Ball 1-0: SINGLE (Line Drive, 9LS, EV 110.0 MPH)
|
Batting: RHB Mario Gomez
|
0-0: Ball Bill Flannery steals 2nd base 1-0: Foul Ball, location: 2F 1-1: Foul Ball, location: 2F 1-2: Ball 2-2: DOUBLE (Groundball, 5L, EV 106.2 MPH) Bill Flannery scores
|
Batting: LHB Tony Cisneros
|
0-0: Ball 1-0: Called Strike 1-1: Ball 2-1: Ball 3-1: Swinging Strike 3-2: Foul Ball, location: 2F 3-2: Strikes out looking
|
Bottom of the 7th over - 5 runs, 5 hits, 0 errors, 1 left on base; Americus 1 - Amarillo 8 |
TOP OF THE 8TH |
Americus Braves batting - Pitching for Amarillo ThunderHeads : RHP Erik Myers
|
Pinch Hitting: RHB Yutaka Yamane
|
0-0: Ball 1-0: Foul Ball, location: 2F 1-1: Swinging Strike 1-2: Ball 2-2: Foul Ball, location: 2F 2-2: Ball 3-2: Base on Balls
|
Pinch Hitting: RHB James Anderson
|
0-0: Ball 1-0: Swinging Strike 1-1: Called Strike 1-2: Strikes out swinging
|
Pinch Hitting: RHB Paul Holland
|
0-0: Called Strike 0-1: Ball 1-1: Swinging Strike 1-2: Strikes out swinging
|
Pitching: LHP Zach Harris
|
|
Batting: LHB Ricardo Sandoval
|
0-0: Ball 1-0: Ball 2-0: Foul Ball, location: 2F 2-1: Swinging Strike 2-2: Strikes out swinging
|
Top of the 8th over - 0 runs, 0 hits, 0 errors, 1 left on base; Americus 1 - Amarillo 8 |
TOP OF THE 9TH |
Americus Braves batting - Pitching for Amarillo ThunderHeads : LHP Zach Harris
|
Batting: SHB Karl Starnes
|
0-0: Ball 1-0: Called Strike 1-1: Ball 2-1: Reached on error, E5 (Groundball, 56, EV 108.8 MPH)
|
Batting: RHB Wilson Salgado
|
0-0: Swinging Strike 0-1: Swinging Strike 0-2: Foul Ball, location: 2F 0-2: Foul Ball, location: 2F 0-2: Ball 1-2: Strikes out swinging
|
Batting: RHB Roberto Rios
|
0-0: Called Strike 0-1: Foul Ball, location: 2F 0-2: Ball 1-2: Foul Ball, location: 2F 1-2: Strikes out swinging
|
Batting: RHB Danny Dimas
|
0-0: Ball 1-0: Called Strike 1-1: Ball 2-1: Fly out, F7 (Line Drive, 7, EV 97.5 MPH)
|
Top of the 9th over - 0 runs, 0 hits, 1 error, 1 left on base; Americus 1 - Amarillo 8 |
|